 Dungeon Crawl Stone Soup version 0.27.0-1-g7a089689b8 (webtiles) character file.

Game seed: 4534537354763009894

9 ZARRMARR the Chopper (level 2, -1/40 HPs)
             Began as a Hill Orc Monk on Aug 5, 2021.
             Slain by an adder (3 damage)
             ... on level 1 of the Dungeon.
             The game lasted 00:04:08 (911 turns).

ZARRMARR the Chopper (Hill Orc Monk)                 Turns: 911, Time: 00:04:08

Health: -1/40      AC:  3    Str: 13    XL:     2   Next: 16%
Magic:  2/2        EV: 12    Int: 10    God:
Gold:   27         SH:  0    Dex: 13    Spells: 1/1 levels left

rFire    . . .     SeeInvis +   a - +0 hand axe
rCold    . . .     Faith    .   (no shield)
rNeg     . . .     Spirit   .   b - +0 robe
rPois    +         Reflect  .   (no helmet)
rElec    .         Harm     .   (no cloak)
rCorr    .         Rampage  .   (no gloves)
Will     .....                  k - +0 pair of boots
Stlth    ..........             (no amulet)
HPRegen  0.13/turn              f - ring of see invisible
MPRegen  0.08/turn              i - ring of poison resistance

@: berserking, lethally poisoned (-1 -> -3), very quick
A: no striking features
a: no special abilities


You were on level 1 of the Dungeon.
You visited 1 branch of the dungeon, and saw 2 of its levels.

You collected 27 gold pieces.

Inventory:

Hand Weapons
 a - a +0 hand axe (weapon)
Missiles
 c - 26 stones (quivered)
 d - 11 poisoned darts
Armour
 b - a +0 robe (worn)
 k - a +0 pair of boots (worn)
Jewellery
 f - a ring of see invisible (left hand)
 i - a ring of poison resistance (right hand)
Scrolls
 e - 2 scrolls of identify {unknown}
 g - a scroll of summoning {unknown}
 j - a scroll of noise {unknown}


   Skills:
 + Level 3.8 Fighting
 + Level 4.4 Axes
 + Level 2.5 Dodging
 + Level 1.5 Stealth


You had one spell level left.
You didn't know any spells.
Your spell library was empty.

Dungeon Overview and Level Annotations

Branches:
Dungeon (2/15)

Altars:

Shops:
D:1 !

Annotations:
D:2 Sigmund


Message History

You barely miss the adder.
The adder is lightly wounded.
The adder closely misses you.
You closely miss the adder.
The adder is lightly wounded.
The adder barely misses you.
You closely miss the adder.
The adder is lightly wounded.
The adder closely misses you. The adder bites you but does no damage.
You hit the adder.
The adder is moderately wounded.
The adder bites you.
You are poisoned.
The adder poisons you!
You hit the adder.
The adder is severely wounded.
You feel sick. The adder misses you. x2
You closely miss the adder.
The adder is severely wounded.
You feel sick. The adder bites you.
You are more poisoned.
The adder poisons you!
You feel sick. The adder bites you. The adder misses you.
You climb upwards.
You feel sick.
There is a stone staircase leading down here.
You barely miss the adder.
The adder is severely wounded.
You feel sick. The adder bites you.
* * * LOW HITPOINT WARNING * * *
You miss the adder.
The adder is severely wounded.
* * * LOW HITPOINT WARNING * * *
You feel sick. The adder bites you.
* * * LOW HITPOINT WARNING * * *
It was a potion of berserk rage.
A red film seems to cover your vision as you go berserk!
You feel yourself moving faster!
You feel mighty!
* * * LOW HITPOINT WARNING * * *
You feel sick. The adder bites you.
You die...

#####################
..[............S@...#
##########...######.#
## #.#.# #.#### .#
#.#.# #....# .# #.#.#
####.# .# ######+#.#
#.# .# #........# #.#
.#
#........#########.#
.#
#..................#


You could see an adder.

Vanquished Creatures
  2 goblins (D:1)
  2 hobgoblins
  A quokka (D:1)
  A ball python (D:1)
  A frilled lizard (D:2)
  A kobold (D:1)
  A rat (D:1)
9 creatures vanquished.

Notes
Turn   | Place    | Note
-------+----------+-------------------------------------------
     0 | D:1      | ZARRMARR the Hill Orc Monk began the quest for the Orb.
     0 | D:1      | Reached XP level 1. HP: 19/19 MP: 1/1
   122 | D:1      | Found Vimaafei's Distillery.
   684 | D:1      | Reached XP level 2. HP: 24/27 MP: 2/2
   811 | D:2      | Noticed Sigmund
   911 | D:1      | HP: 2/40 [poisoned by an adder]
   911 | D:1      | Slain by an adder

Illustrated notes

Levels and vault maps discovered:
D:1:      dpeg_arrival_rhombi, layout_basic, serial_shops,
          nicolae_shop_competitors_out_of_business
D:2:      layout_loops_ring, serial_shops, shop_statue, hangedman_glass_garden,
          chequers_serial_rivers_micro_a, st_stairs_8, minmay_quadrilaterals,
          uniq_sigmund

Action                   || total
-------------------------++-------
Melee: Hand axe          ||    46
Throw: Stone             ||    28
  Use: Potion            ||     1
Armor: Robe              ||     9
Dodge: Dodged            ||    27
